 Dungeon Crawl Stone Soup version 0.29-a0-393-g47a863cc1b (webtiles) character file.

Game seed: 4895392177078100744

9721 zishaf the Jinx (level 11, -3/86 HPs)
             Began as a Vampire Enchanter on May 9, 2022.
             Was a Believer of Wu Jian.
             Slain by a seven-headed hydra (6 damage)
             ... on level 11 of the Dungeon.
             The game lasted 00:25:04 (11869 turns).

zishaf the Jinx (Vampire Enchanter)                Turns: 11869, Time: 00:25:05

Health: -3/86      AC: 11    Str:  9    XL:     11   Next: 26%
Magic:  11/26      EV: 14    Int: 23    God:    Wu Jian [**....]
Gold:   779        SH:  0    Dex: 14    Spells: 7/18 levels left

rFire   . . .      SeeInvis +   a - +2 dagger (spect)
rCold   . . .      Faith    .   (no shield)
rNeg    . . .      Spirit   .   b - +0 robe
rPois   .          Reflect  .   m - +1 hat "Ihimp" {rElec MP+9 Str+2}
rElec   +          Harm     .   q - +2 cloak
rCorr   .          Rampage  .   J - +0 pair of gloves
Will    +....                   (no boots)
Stlth   ++++......              L - amulet of the acrobat
HPRegen 0.44/turn               u - +4 ring of protection
MPRegen 0.20/turn               E - ring of wizardry

@: healing quickly
A: alive, fangs 3, see invisible, vampiric 2
a: Exsanguinate, Renounce Religion, Wall Jump


You were on level 11 of the Dungeon.
You worshipped Wu Jian.
Wu Jian was pleased with you.
You visited 2 branches of the dungeon, and saw 12 of its levels.
You also visited: Ossuary.

You collected 779 gold pieces.

Inventory:

Hand Weapons
 a - a +2 spectral dagger (weapon)
 D - a +4 long sword of freezing
Missiles
 y - a throwing net (quivered)
Armour
 b - a +0 robe (worn)
 m - the +1 hat "Ihimp" (worn) {rElec MP+9 Str+2}
   (You found it on level 2 of the Dungeon)

   Str:       It affects your strength (+2).
   rElec:     It insulates you from electricity.
   MP:        It affects your magic capacity (+9).
 q - a +2 cloak (worn)
 J - a +0 pair of gloves (worn)
Jewellery
 t - a ring of fire
 u - a +4 ring of protection (left hand)
 E - a ring of wizardry (right hand)
 H - a +4 ring of protection
 L - an amulet of the acrobat (around neck)
Wands
 o - a wand of iceblast (4)
 x - a wand of acid (4)
 z - a wand of flame (25)
 A - a wand of digging (3)
 C - a wand of mindburst (12)
Scrolls
 f - 5 scrolls of teleportation
 g - 2 scrolls of immolation
 n - 3 scrolls of enchant weapon
 r - 2 scrolls of fear
 B - a scroll of magic mapping
 G - 2 scrolls of silence
 I - a scroll of fog
Potions
 c - 3 potions of invisibility
 d - 2 potions of cancellation
 e - 2 potions of haste
 h - 3 potions of lignification
 i - 3 potions of flight
 j - 12 potions of curing
 k - 4 potions of heal wounds
 l - 5 potions of attraction
 p - 2 potions of resistance
 s - 3 potions of mutation
 v - 3 potions of brilliance
 w - a potion of might
 F - a potion of magic
 M - a potion of berserk rage
Miscellaneous
 K - a box of beasts (inert)


   Skills:
 + Level 8.2 Fighting
 - Level 8.0 Short Blades
 + Level 2.3 Armour
 - Level 6.0 Dodging
 - Level 10.0 Stealth
 - Level 4.0 Spellcasting
 + Level 13.3 Hexes
 + Level 4.3 Ice Magic


You had 7 spell levels left.
You knew the following spells:

 Your Spells              Type           Power      Damage    Failure   Level
a - Ensorcelled Hibernat  Hex/Ice        90%        N/A       1%          2
b - Tukima's Dance        Hex            60%        N/A       1%          3
c - Confusing Touch       Hex            60%        N/A       1%          3
d - Dazzling Flash        Conj/Hex       70%        N/A       1%          3

Your spell library contained the following spells:

 Spells                   Type           Power      Damage    Failure   Level
 Inner Flame              Hex/Fire       35%        N/A       1%          3
 Portal Projectile        Hex/Tloc       70%        N/A       1%          3
 Summon Guardian Golem    Hex/Summ       35%        N/A       1%          3
 Cause Fear               Hex            30%        N/A       1%          4
 Anguish                  Hex/Necr       17%        N/A       2%          4
 Summon Small Mammal      Summ           16%        N/A       4%          1
 Corpse Rot               Necr/Air       8%         N/A       6%          2
 Passwall                 Tmut/Erth      3%         N/A       6%          2
 Call Canine Familiar     Summ           4%         N/A       12%         3
 Ignite Poison            Fire/Tmut/Pois 4%         N/A       12%         3
 Mephitic Cloud           Conj/Pois/Air  4%         N/A       12%         3
 Spider Form              Tmut/Pois      4%         N/A       12%         3
 Swiftness                Air            4%         N/A       12%         3
 Dispel Undead            Necr           4%         3d7       38%         4
 Freezing Cloud           Conj/Ice/Air   5%         6-21      52%         5
 Blade Hands              Tmut           2%         N/A       71%         5
 Excruciating Wounds      Necr           2%         N/A       71%         5
 Death Channel            Necr           2%         N/A       99%         6
 Discord                  Hex            30%        N/A       71%         8


Dungeon Overview and Level Annotations

Branches:
Dungeon (11/15)            Temple (1/1) D:7            Lair (0/6) D:10
Ossuary (visited)
    Orc: D:9-12

Altars:
Elyvilon
Gozag
Nemelex Xobeh
Wu Jian
Zin

Shops:
D:1 ?   D:8 *   D:10 *

Annotations:
D:8 3 runed translucent doors, osinmv's ghost, novice DEEE


Innate Abilities, Weirdness & Mutations

Your natural rate of healing is accelerated.
You have razor-sharp teeth.
You have supernaturally acute eyesight. (SInv)
You are afflicted with vampirism and can become a bat while bloodless.


Message History

The seven-headed hydra bites you!
Casting: Ensorcelled Hibernation (safe; 1% risk of failure)
Confirm with . or Enter, or press ? or * to list all spells.
Aiming: Ensorcelled Hibernation (safe; 1% risk of failure)
Press: ? - help, Shift-Dir - straight line, f/p - seven-headed hydra
Aim: a seven-headed hydra (chance to affect: 34%)
The seven-headed hydra easily resists.
The seven-headed hydra completely misses you. x2
The seven-headed hydra closely misses you.
The seven-headed hydra bites you!
The seven-headed hydra closely misses you. x2
The seven-headed hydra bites you!
* * * LOW HITPOINT WARNING * * *
A human opens the large door.
Casting: Ensorcelled Hibernation (safe; 1% risk of failure)
Confirm with . or Enter, or press ? or * to list all spells.
Aiming: Ensorcelled Hibernation (safe; 1% risk of failure)
Press: ? - help, Shift-Dir - straight line, f/p - seven-headed hydra
Aim: a seven-headed hydra (chance to affect: 34%)
The seven-headed hydra easily resists.
The human shouts!
The seven-headed hydra bites you!
* * * LOW HITPOINT WARNING * * *
The seven-headed hydra closely misses you.
The seven-headed hydra bites you!
* * * LOW HITPOINT WARNING * * *
The seven-headed hydra barely misses you.
The seven-headed hydra bites you.
* * * LOW HITPOINT WARNING * * *
The seven-headed hydra closely misses you.
The seven-headed hydra bites you but does no damage.
Casting: Ensorcelled Hibernation (safe; 1% risk of failure)
Confirm with . or Enter, or press ? or * to list all spells.
Aiming: Ensorcelled Hibernation (safe; 1% risk of failure)
Press: ? - help, Shift-Dir - straight line, f/p - seven-headed hydra
Aim: a seven-headed hydra (chance to affect: 34%)
The seven-headed hydra easily resists.
The seven-headed hydra bites you but does no damage.
The seven-headed hydra bites you.
You die...

#.# #.# #.#
#.# #.# # #.#
..'.###D####
..p....@...#
#######.##.##.
##.##....
#.........
#<.#####.#
#......#
#.######


You could see a seven-headed hydra and a human.

Vanquished Creatures
  Gastronok (D:9)
  2 two-headed ogres
  A cyclops (D:8)
  3 trolls (D:10)
  3 hornets
  Prince Ribbit (D:8)
  6 yaks (D:10)
  A vampire (D:10)
  2 wyverns (D:8)
  2 wraiths
  A steam dragon (D:10)
  An acid dragon (D:10)
  2 ice beasts
  A sky beast (D:7)
  An orc warrior (D:10)
  2 black bears
  An ogre (D:6)
  5 centaurs
  2 kobold brigands
  3 bullfrogs
  2 gnoll sergeants
  A scorpion (D:4)
  2 wights
  10 killer bees (D:9)
  3 howler monkeys
  5 electric eels (D:10)
  A centaur zombie (Ossuary)
  3 hounds
  2 human zombies (Ossuary)
  2 jellies (D:7)
  A gnoll shaman (D:6)
  2 orc priests
  4 iguanas
  11 orc wizards
  3 hound zombies (Ossuary)
  3 mummies (Ossuary)
  Robin (D:4)
  8 gnolls
  11 adders
  2 shadow imps
  A white imp (D:6)
  2 ufetubi (D:5)
  4 adder zombies (Ossuary)
  A worm (D:2)
  2 dart slugs
  38 orcs
  5 ball pythons
  6 endoplasms
  3 giant cockroaches
  A gnoll zombie (Ossuary)
  19 goblins
  10 hobgoblins
  10 kobolds
  3 quokkas
  6 bats
  4 frilled lizards
  5 goblin zombies
  4 hobgoblin zombies (Ossuary)
  3 jackal zombies (Ossuary)
  3 kobold zombies (Ossuary)
  An orc zombie (Ossuary)
  4 quokka zombies (Ossuary)
  3 rats
  6 rat zombies
262 creatures vanquished.

Vanquished Creatures (collateral kills)
  4 wights
4 creatures vanquished.

Vanquished Creatures (others)
  A killer bee (D:9)
  2 plants (D:5)
3 creatures vanquished.

Grand Total: 269 creatures vanquished

Notes
Turn   | Place    | Note
-------+----------+-------------------------------------------
     0 | D:1      | zishaf the Vampire Enchanter began the quest for the Orb.
     0 | D:1      | Reached XP level 1. HP: 13/13 MP: 3/3
   149 | D:1      | Found Ogeufel's Magic Scroll Boutique.
   185 | D:1      | Found a faded altar of an unknown god.
   263 | D:1      | Reached XP level 2. HP: 15/20 MP: 5/5
   293 | D:1      | Learned a level 2 spell: Ensorcelled Hibernation
  1003 | D:2      | Identified the +1 hat "Ihimp" {rElec MP+9 Str+2}
  1177 | D:2      | Reached skill level 1 in Fighting
  1185 | D:2      | Reached skill level 5 in Stealth
  1211 | D:2      | Gained mutation: You are afflicted with vampirism and can
                  | become a bat while bloodless. [Vampire growth]
  1211 | D:2      | Reached XP level 3. HP: 20/26 MP: 6/6
  1287 | D:2      | Learned a level 3 spell: Tukima's Dance
  1490 | D:2      | Reached skill level 5 in Hexes
  2109 | D:3      | Reached XP level 4. HP: 32/32 MP: 7/7
  3123 | D:4      | Noticed a scorpion
  3130 | D:4      | Killed a scorpion
  3131 | D:4      | Reached skill level 1 in Ice Magic
  3131 | D:4      | Reached XP level 5. HP: 38/38 MP: 8/8
  3202 | D:4      | Noticed Robin
  3289 | D:4      | Reached skill level 6 in Hexes
  3706 | D:4      | Noticed a black bear
  3728 | D:4      | Killed a black bear
  3729 | D:4      | Reached XP level 6. HP: 42/46 MP: 9/9
  3733 | D:4      | Learned a level 3 spell: Confusing Touch
  4233 | D:4      | Killed Robin
  4332 | D:5      | Entered Level 5 of the Dungeon
  4515 | D:5      | Found a sand-covered staircase.
  4536 | Ossuary  | Entered an ossuary
  4702 | Ossuary  | Reached XP level 7. HP: 50/52 MP: 10/10
  4808 | Ossuary  | Reached skill level 7 in Hexes
  5192 | D:5      | Reached skill level 8 in Hexes
  5354 | D:5      | Reached skill level 5 in Short Blades
  5660 | D:5      | Reached XP level 8. HP: 55/60 MP: 11/11
  6263 | D:6      | Noticed a two-headed ogre
  6583 | D:6      | Found a sparkling altar of Nemelex Xobeh.
  7602 | D:6      | Killed a two-headed ogre
  7603 | D:6      | Reached skill level 5 in Fighting
  7603 | D:6      | Reached skill level 9 in Hexes
  7603 | D:6      | Reached XP level 9. HP: 67/68 MP: 12/12
  7667 | D:7      | Found a staircase to the Ecumenical Temple.
  7676 | Temple   | Entered the Ecumenical Temple
  7696 | Temple   | Became a worshipper of the Wu Jian Council
  7724 | D:7      | Identified a scroll of acquirement
  7724 | D:7      | Acquired a book of Hexes
  7800 | D:7      | Reached skill level 10 in Hexes
  7985 | D:7      | Reached skill level 5 in Dodging
  8469 | D:8      | Noticed Prince Ribbit
  8476 | D:8      | Killed Prince Ribbit
  8687 | D:8      | Noticed a cyclops
  8693 | D:8      | Killed a cyclops
  8694 | D:8      | Reached skill level 11 in Hexes
  8715 | D:8      | Noticed an angel
  8718 | D:8      | Found Houlapp's Hallowed Reliquary.
  8895 | D:8      | Found a runed translucent gate.
  8895 | D:8      | Found a runed translucent gate.
  8896 | D:8      | Found a runed translucent gate.
  8919 | D:8      | Reached XP level 10. HP: 72/77 MP: 12/13
  8994 | D:8      | Noticed osinmv's ghost (novice DEEE)
  9109 | D:8      | Reached * piety under Wu Jian
 10253 | D:9      | Noticed Gastronok
 10254 | D:9      | Noticed a two-headed ogre
 10293 | D:9      | Killed Gastronok
 10294 | D:9      | Reached skill level 12 in Hexes
 10297 | D:9      | Killed a two-headed ogre
 10609 | D:10     | Entered Level 10 of the Dungeon
 10714 | D:10     | Learned a level 3 spell: Dazzling Flash
 10839 | D:10     | Reached ** piety under Wu Jian
 10840 | D:10     | Reached skill level 1 in Armour
 11010 | D:10     | Reached XP level 11. HP: 86/86 MP: 17/17
 11154 | D:10     | Reached skill level 10 in Stealth
 11188 | D:10     | Found Hipif's Assorted Antiques.
 11200 | D:10     | Found a staircase to the Lair.
 11252 | D:10     | Reached skill level 13 in Hexes
 11857 | D:11     | Noticed a seven-headed hydra
 11868 | D:11     | HP: 2/86 [seven-headed hydra (3)]
 11869 | D:11     | Slain by a seven-headed hydra

Illustrated notes

Levels and vault maps discovered:
D:1:      roderic_lyre, layout_basic, ebering_ecumenical_altar_petrified,
          serial_shops, shop, minmay_misc_feat_enclosed, minmay_pentomino_w2
D:2:      layout_loops_ring
D:3:      layout_basic, wad_orctagon
D:4:      layout_loops_ring, chequers_arboretum, chequers_serial_rivers_marsh,
          kennysheep_generic_room_7, uniq_robin
D:5:      layout_gridville, enter_ossuary_4, minmay_misc_feat_ornament,
          hangedman_abyss_or_decor_slice, guppyfry_early_lair_pool
D:6:      layout_loops_cross, lemuel_tele_altar
D:7:      layout_basic, minmay_temple_entry_statues_pillars
D:8:      layout_basic, gammafunk_ghost_icy, nicolae_good_shop,
          uniq_prince_ribbit1
D:9:      layout_basic, uniq_gastronok
D:10:     layout_basic, lair_entry_dummy, serial_shops, nicolae_shop_stone,
          nrook_campfire, kennysheep_kite_vault
D:11:     slaughterhouse, layout_loops_ring, orc_0_dummy, enter_trove_2,
          david_greed
Temple:   minmay_crystal_snake_temple

Skill      XL: |  1  2  3  4  5  6  7  8  9 10 11 |
---------------+----------------------------------+-----
Fighting       | 1 2 3 4 5 6 7 8 |  8.2
Stealth        | 5 6 9 10 | 10.0
Short Blades   | 2 3 5 6 7 8 |  8.0
Hexes          | 5 6 8 9 11 12 13 | 13.3
Ice Magic      | 1 2 3 4 |  4.3
Dodging        | 4 6 |  6.0
Spellcasting   | 4 |  4.0
Armour         | 1 2 |  2.3

Action                   |  1- 3 |  4- 6 |  7- 9 | 10-12 || total
-------------------------+-------+-------+-------+-------++-------
Melee: Dagger            |   113 |   129 |   191 |   150 ||   583
       Bite              |    10 |    15 |    23 |    14 ||    62
       Punch             |       |     2 |     3 |       ||     5
 Cast: Ensorcelled Hiber |     8 |    32 |    63 |    84 ||   187
       Confusing Touch   |       |       |     9 |     2 ||    11
       Tukima's Dance    |       |       |     5 |     1 ||     6
Invok: Lunge             |       |       |    10 |    21 ||    31
Evoke: Wand              |       |       |       |     7 ||     7
       Box of beasts     |       |       |       |     1 ||     1
  Use: Scroll            |       |    15 |     9 |     2 ||    26
 Stab: Sleeping          |    24 |    42 |    51 |    52 ||   169
       Distracted        |       |     1 |       |       ||     1
       Confused          |       |       |     5 |     2 ||     7
Armor: Robe              |    15 |    49 |    64 |    40 ||   168
Dodge: Dodged            |    53 |    60 |   106 |    98 ||   317

Table legend: (Time is in decaauts)
 A = Elapsed time spent in this place.
 B = Non-inter-level travel time spent in this place.
 C = Inter-level travel time spent in this place.
 D = Time resting spent in this place.
 E = Time spent auto-exploring this place.
 F = Levels seen in this place.
 G = Mean time per level.
                   A        B        C        D        E       F      G
               +--------+--------+--------+--------+--------+-----+--------+
         Total |  11841 |  11315 |    526 |    666 |   8327 |  13 |  910.8 |
       Dungeon |  11512 |  11000 |    512 |    666 |   8175 |  11 | 1046.5 |
        Temple |     35 |     21 |     14 |      0 |     10 |   1 |   35.0 |
       Ossuary |    293 |    293 |      0 |      0 |    142 |   1 |  293.0 |
               +--------+--------+--------+--------+--------+-----+--------+

Top non-repeatable levels by time:
     D:4: 1601 daAuts
     D:6: 1457 daAuts
     D:5: 1390 daAuts
     D:9: 1309 daAuts
    D:10: 1187 daAuts
     D:3: 1097 daAuts
     D:8: 1052 daAuts
     D:1: 996 daAuts
     D:2: 750 daAuts
     D:7: 656 daAuts
 Ossuary: 293 daAuts
  Temple: 35 daAuts
    D:11: 11 daAuts
